 Dungeon Crawl Stone Soup version 0.28-a0-577-gb193047a1f (webtiles) character file.

Game seed: 9133095343775954014

322 siradein the Skirmisher (level 6, -3/57 HPs)
             Began as a Naga Fighter on Oct 1, 2021.
             Slain by an ogre (26 damage)
             ... on level 4 of the Dungeon.
             The game lasted 00:05:16 (3552 turns).

siradein the Skirmisher (Naga Fighter)              Turns: 3552, Time: 00:05:17

Health: -3/57      AC:  7    Str: 19    XL:     6   Next: 47%
Magic:  0/6        EV:  7    Int:  8    God:
Gold:   269        SH:  5    Dex: 18    Spells: 5/5 levels left

rFire   . . .      SeeInvis +   a - +0 long sword
rCold   . . .      Faith    .   c - +0 buckler
rNeg    . . .      Spirit   +   b - +0 scale mail
rPois   +          Reflect  .   (no helmet)
rElec   .          Harm     .   (no cloak)
rCorr   .          Rampage  .   w - +0 pair of gloves
Will    .....                   (no barding)
Stlth   ..........              k - amulet of guardian spirit
HPRegen 0.19/turn               o - +6 ring of dexterity
MPRegen 0.10/turn               v - ring of flight

@: short of breath, flying, very slow
A: AC +2, large, see invisible, deformed body, poison resistance, slowness 2,
spit poison 1, naga tail 1
a: Spit Poison


You were on level 4 of the Dungeon.
You visited 1 branch of the dungeon, and saw 4 of its levels.

You collected 269 gold pieces.

Inventory:

Hand Weapons
 a - a +0 long sword (weapon)
 r - a +0 hunting sling
Missiles
 e - 123 stones
 l - 23 sling bullets
 m - 17 poisoned darts
Armour
 b - a +0 scale mail (worn)
 c - a +0 buckler (worn)
 w - a +0 pair of gloves (worn)
Jewellery
 k - an amulet of guardian spirit (around neck)
 o - a +6 ring of dexterity (left hand)
 s - a ring of positive energy
 v - a ring of flight (right hand)
Scrolls
 f - a scroll of blinking {unknown}
 j - a scroll of enchant weapon {unknown}
 n - 4 scrolls of teleportation {unknown}
Potions
 d - 2 potions of might
 g - a potion of cancellation {unknown}
 h - a potion of mutation {unknown}
 i - a potion of invisibility {unknown}
 p - 3 potions of heal wounds
 q - a potion of haste {unknown}
 t - a potion of magic {unknown}
 u - a potion of ambrosia {unknown}
 x - a potion of brilliance {unknown}


   Skills:
 + Level 4.3 Fighting
 + Level 3.5 Long Blades
 + Level 0.7 Slings
 + Level 3.5 Armour
 + Level 3.6 Shields


You had 5 spell levels left.
You didn't know any spells.
Your spell library contained the following spells:

 Spells                   Type           Power      Damage    Failure   Level
 Ensorcelled Hibernation  Hex/Ice        0%         N/A       88%         2
 Yara's Violent Unravell  Hex/Tmut       0%         3d3       100%        5
 Conjure Ball Lightning   Conj/Air       0%         3x3d6     100%        6


Dungeon Overview and Level Annotations

Branches:
Dungeon (4/15)
 Temple: D:4-7

Altars:

Shops:
D:1 :


Innate Abilities, Weirdness & Mutations

Your serpentine skin is tough. (AC +2)
You have supernaturally acute eyesight. (SInv)
Armour fits poorly on your strangely shaped body.
Your system is resistant to poisons. (rPois)
You cover ground very slowly.
You can spit poison.
You have a snake-like lower body.


Message History

The giant cockroach bites you but does no damage. x2
You closely miss the giant cockroach. The giant cockroach barely misses you.
You completely miss the giant cockroach.
You block the giant cockroach's attack.
You closely miss the giant cockroach. You block the giant cockroach's attack.
The giant cockroach bites you.
You slash the giant cockroach!
You kill the giant cockroach!
No target in view!
No target in view!
Found a rapier.
You see here a +0 rapier.
A ball python and an ogre come into view.
The ogre shouts!
The ball python hisses angrily.
There are monsters nearby!
There are monsters nearby!
Press: ? - help, Shift-Dir - straight line, f - ogre
Aim: an ogre, wielding a +0 giant spiked club The splash of poison hits the ogre.
The ogre is poisoned.
The ogre is moderately wounded.
You have got your breath back.
The ball python bites you but does no damage.
Press: ? - help, Shift-Dir - straight line, f - ball python, p - ogre
Aim: a ball python The splash of poison misses the ogre.
The splash of poison hits the ball python.
The ball python is poisoned.
You kill the ball python!
The ogre hits you with a +0 giant spiked club!
You hit the ogre.
The ogre is heavily wounded.
The ogre hits you with a +0 giant spiked club!!
You are too injured to fight recklessly!
You hit the ogre.
The ogre is severely wounded.
The ogre hits you with a +0 giant spiked club.
You hit the ogre.
The ogre is almost dead.
The ogre hits you with a +0 giant spiked club!!
You die...

..... ....... #
#...........# #
..........# # ........#
#.......## #........##
#.#......############
###..#................#
##....O@...............#
###...###................)
#...### #...........8.8...
#...## ###...............
#.....# ###.....8.8.....
#........ ###...........
......... ##....8.8.##
.8.8.8.... ##....^..#
.......... ###.##.##


You could see an ogre.

Vanquished Creatures
  Sigmund (D:2)
  A hound skeleton (D:4)
  7 adders
  A gnoll (D:3)
  A howler monkey skeleton (D:4)
  A worm (D:2)
  A dart slug (D:1)
  3 orcs (D:3)
  8 bats
  10 endoplasms
  2 giant cockroaches
  6 goblins
  2 hobgoblins (D:1)
  2 jackals (D:2)
  6 quokkas
  10 ball pythons
  5 frilled lizards
  3 kobolds
  4 rats
74 creatures vanquished.

Vanquished Creatures (others)
  5 toadstools (D:1)
5 creatures vanquished.

Grand Total: 79 creatures vanquished

Notes
Turn   | Place    | Note
-------+----------+-------------------------------------------
     0 | D:1      | siradein the Naga Fighter began the quest for the Orb.
     0 | D:1      | Reached XP level 1. HP: 21/21 MP: 1/1
   189 | D:1      | Found Eplif's Book Boutique.
   368 | D:1      | Reached XP level 2. HP: 26/28 MP: 2/2
   419 | D:1      | Found a faded altar of an unknown god.
   973 | D:1      | Reached XP level 3. HP: 34/34 MP: 3/3
  1554 | D:2      | Reached XP level 4. HP: 32/42 MP: 2/4
  1876 | D:2      | Noticed Sigmund
  1902 | D:2      | Killed Sigmund
  1903 | D:2      | Reached skill level 4 in Fighting
  1903 | D:2      | Reached XP level 5. HP: 17/50 MP: 2/5
  1903 | D:2      | Reached XP level 6. HP: 19/57 MP: 2/6
  2553 | D:3      | Got the Almanac of Captivating Weightlessness
  3552 | D:4      | Slain by an ogre

Illustrated notes

Levels and vault maps discovered:
D:1:      dpeg_arrival_more_subterranean_lakeside_camping, layout_basic,
          dreamdust_ecumenical_altar_statues, serial_shops, shop,
          hangedman_decor_points, minmay_gold_behind_fungi
D:2:      layout_rooms, serial_aquarium, aquarium_bridge_square
          [aquarium_subvault_wall, aquarium_subvault_balcony,
          aquarium_subvault_bridge, aquarium_subvault_window],
          aquarium_window_1, aquarium_window_fake, aquarium_window_fake,
          aquarium_view_2b, aquarium_view_2e, aquarium_pool_side, uniq_sigmund
D:3:      minmay_chambers_of_threes, layout_loops_cross
D:4:      layout_cave_pods, serial_column_ruins, column_ruins_hut,
          column_ruins_grid_3, column_ruins_grid_1, column_ruins_open_tiny,
          column_ruins_columns_corner, column_ruins_open_small,
          column_ruins_columns_straight, column_ruins_columns_corner

Skill      XL: |  1  2  3  4 |
---------------+-------------+-----
Shields        | 3 |  3.6
Fighting       | 4 |  4.3
Long Blades    | 3 |  3.5
Armour         | 3 |  3.5
Slings         | |  0.7

Action                   |  1- 3 |  4- 6 || total
-------------------------+-------+-------++-------
Melee: Long sword        |   114 |   134 ||   248
 Abil: Spit Poison       |       |     5 ||     5
Armor: Scale mail        |    56 |    64 ||   120
Dodge: Dodged            |    43 |    37 ||    80
Block: Buckler           |    33 |    34 ||    67

Table legend: (Time is in decaauts)
 A = Elapsed time spent in this place.
 B = Non-inter-level travel time spent in this place.
 C = Inter-level travel time spent in this place.
 D = Time resting spent in this place.
 E = Time spent auto-exploring this place.
 F = Levels seen in this place.
 G = Mean time per level.
                   A        B        C        D        E       F      G
               +--------+--------+--------+--------+--------+-----+--------+
         Total |   4409 |   4274 |    135 |    402 |   3135 |   4 | 1102.2 |
       Dungeon |   4409 |   4274 |    135 |    402 |   3135 |   4 | 1102.2 |
               +--------+--------+--------+--------+--------+-----+--------+

Top non-repeatable levels by time:
     D:1: 1523 daAuts
     D:2: 1446 daAuts
     D:3: 1066 daAuts
     D:4: 373 daAuts
